 Dungeon Crawl Stone Soup version 0.31-a0-1522-g43313d8a59 (webtiles) character file.

Game seed: 14121788574543039076

36 whatisthis the Chopper (level 3, -6/30 HPs)
             Began as a Human Berserker on Dec 30, 2023.
             Was a Believer of Trog.
             Mangled by Sigmund
             ... wielding a +0 scythe
              (10 damage)
             ... on level 2 of the Dungeon.
             The game lasted 00:02:53 (928 turns).

whatisthis the Chopper (Human Berserker)             Turns: 928, Time: 00:02:53

Health: -6/30      AC:  5    Str: 19    XL:     3   Next: 37%
Magic:  3/3        EV: 11    Int:  7    God:    Trog [**....]
Gold:   58         SH:  0    Dex: 12    Spells: 2/2 levels left

rFire   . . .        a - +0 hand axe
rCold   . . .        (no shield)
rNeg    . . .        m - +0 ring mail
rPois   .            (no helmet)
rElec   .            (no cloak)
rCorr   .            (no gloves)
SInv    .            (no boots)
Will    +++..        (no amulet)
Stlth   +            g - ring of willpower
HPRegen 1.25/turn    (no ring)
MPRegen 0.08/turn

%: no passive effects
@: strong-willed (expiring), on berserk cooldown, regenerating (expiring),
slowed, very slow
A: explore regen
a: Renounce Religion, Berserk, Trog's Hand


You were on level 2 of the Dungeon.
You worshipped Trog.
Trog was pleased with you.
You visited 1 branch of the dungeon, and saw 2 of its levels.

You collected 58 gold pieces.

Inventory:

Hand Weapons
 a - a +0 hand axe (weapon)
Missiles
 e - 19 stones
Armour
 b - a +0 chain mail
 m - a +0 ring mail (worn)
Jewellery
 g - a ring of willpower (left hand)
Scrolls
 c - 2 scrolls of noise {unknown}
 f - 4 scrolls of teleportation {unknown}
 h - 2 scrolls of acquirement {unknown}
 i - a scroll of fear {unknown}
 j - a scroll of identify {unknown}
 k - a scroll of enchant armour {unknown}
 l - a scroll of brand weapon {unknown}
Potions
 d - a potion of curing {unknown}


   Skills:
 + Level 3.7 Fighting
 + Level 3.7 Axes
 - Level 2.0 Armour
 - Level 2.0 Dodging


You had 2 spell levels left.
You didn't know any spells.
Your spell library was empty.

Dungeon Overview and Level Annotations

Branches:
Dungeon (2/15)

Altars:

Annotations:
D:2 Sigmund, Terence


Innate Abilities, Weirdness & Mutations

You regain HP and MP as you explore.


Message History

The gnoll hits you but does no damage.
You hit the gnoll.
You kill the gnoll!
Trog accepts your kill.
You start resting.
HP restored.
You see here a +0 short sword.
There is an open door here.
There is a stone staircase leading down here.
You climb downwards.
Level annotation: Terence
There is a stone staircase leading up here.
Found a ring mail.
Okay, then.
Sigmund the Dreaded comes into view.
He is wielding a +0 scythe.
Your skin crawls.
You feel strong-willed.
Sigmund mumbles some strange words.
Sigmund flickers and vanishes!
Deactivating autopickup; reactivate with Ctrl-A.
Something hits you!
A red film seems to cover your vision as you go berserk!
You feel yourself moving faster!
You feel mighty! Something hits you!
You feel a strong urge to attack something.
You barely miss something. Something hits you but does no damage.
You closely miss something. You closely miss something.
Something hits you but does no damage.
You slash something! You miss something. Something hits you!
You closely miss something. You closely miss something. Something hits you.
You barely miss something.
You feel the effects of Trog's Hand fading.
You closely miss something.
You are no longer berserk.
You are exhausted.
You feel yourself slow down. Something hits you!
* * * LOW HITPOINT WARNING * * *
You barely miss something. Something hits you!
You die...

#P.P#
#♣.♣# #
#P.P# #.
#8.8# #.##
#P.P#
...###♣.♣#
#...#P.P#
#{##♣.♣#
#@##P.P#
#..#♣.♣#
##.##.#
#.##.#
#....#
######


There were no monsters in sight!

Vanquished Creatures
  A gnoll (D:1)
  2 ball pythons (D:1)
  3 endoplasms
  5 giant cockroaches (D:1)
  A goblin (D:1)
  A hobgoblin (D:1)
  A quokka (D:1)
  2 bats (D:1)
  4 kobolds (D:1)
  4 rats
24 creatures vanquished.

Notes
Turn   | Place    | Note
-------+----------+-------------------------------------------
     0 | D:1      | whatisthis the Human Berserker began the quest for the Orb.
     0 | D:1      | Reached XP level 1. HP: 18/18 MP: 1/1
   230 | D:1      | Reached XP level 2. HP: 24/24 MP: 2/2
   480 | D:1      | Reached ** piety under Trog
   638 | D:1      | Reached XP level 3. HP: 29/29 MP: 3/3
   733 | D:2      | Noticed Terence
   912 | D:2      | Noticed Sigmund
   928 | D:2      | Mangled by Sigmund

Illustrated notes

Levels and vault maps discovered:
D:1:      lightli_arrival_farm, layout_basic, minmay_worlds_worst_comb
D:2:      layout_loops_ring, dreamdust_princess_corridor, minivault_26,
          dk_noncrumbling_3, uniq_natasha, uniq_terence, uniq_sigmund

Action                     || total
---------------------------++-------
  Melee: Hand axe          ||    78
 Invoke: Berserk           ||     1
         Trog's Hand       ||     1
 Armour: Animal skin       ||    37
         Ring mail         ||    12
  Dodge: Dodged            ||    49

Table legend: (Time is in decaauts)
 A = Elapsed time spent in this place.
 B = Non-inter-level travel time spent in this place.
 C = Inter-level travel time spent in this place.
 D = Time resting spent in this place.
 E = Time spent auto-exploring this place.
 F = Levels seen in this place.
 G = Mean time per level.
                   A        B        C        D        E       F      G
               +--------+--------+--------+--------+--------+-----+--------+
         Total |    950 |    840 |    110 |     40 |    522 |   2 |  475.0 |
       Dungeon |    950 |    840 |    110 |     40 |    522 |   2 |  475.0 |
               +--------+--------+--------+--------+--------+-----+--------+

Top non-repeatable levels by time:
     D:1: 862 daAuts
     D:2: 88 daAuts
